Map: Dusk Towers

Players

Arnak - Winner!

  • Race: Terran Terran

Enertx

  • Race: Zerg Zerg

VOD

Have the link to the VOD?

Description

Time

  • Played on: April 10, 2016, 3:42 p.m.
  • Length: 10:32
Show
View Real Time Build Order
Export as new Build Order

Arnak Terran - Winner!

Build Orders: Reaper Expand, MMM Bio 

Get SALT Encoding   

  12  0:01  SCV  
  13  0:13  SCV  
  14  0:19  Supply Depot  
  14  0:25  SCV  
  15  0:41  SCV  
  15  0:42  Barracks  
  16  0:46  Refinery  
  16  0:53  SCV  
  17  1:05  SCV  
  18  1:17  SCV  
  19  1:29  Orbital Command  
  19  1:30  Reaper  
  20  1:42  Command Center  
  20  1:49  Supply Depot  
  20  1:55  SCV  
  21  2:05  Factory  
  21  2:06  Marine  
  22  2:10  SCV  
  23  2:18  Refinery  
  23  2:22  SCV  
  24  2:31  Barracks Reactor  
  24  2:34  SCV  
  25  2:46  SCV  
  28  2:53  Starport  
  28  2:55  Orbital Command  
  28  2:56  Widow Mine  
  28  2:59  SCV  
  29  3:08  Marine x2  
  29  3:11  SCV  
  32  3:21  SCV  
  32  3:23  SCV  
  32  3:26  Marine x2  
  36  3:27  Widow Mine  
  36  3:30  Medivac  
  36  3:33  SCV  
  41  3:35  SCV, Supply Depot  
  42  3:44  Marine x2  
  42  3:45  SCV  
  42  3:47  SCV  
  45  3:58  SCV  
  45  3:59  Factory Tech Lab  
  45  4:01  Command Center  
  46  4:05  Marine  
  46  4:06  SCV, Marine  
  49  4:10  SCV, Refinery  
  49  4:13  Engineering Bay x2  
  49  4:14  Medivac  
  52  4:21  SCV  
  53  4:28  Supply Depot  
  53  4:37  SCV  
  53  4:38  Barracks, Factory Reactor  
  54  4:39  Barracks  
  54  4:50  SCV x2  
  54  4:52  Supply Depot  
  54  4:53  Medivac  
  54  4:55  Stimpack  
  56  5:02  SCV x2  
  58  5:12  Terran Infantry Weapons Level 1, Terran Infantry Armor Level 1  
  58  5:14  Orbital Command, SCV x2  
  58  5:16  Supply Depot  
  60  5:24  Barracks  
  60  5:25  Factory Tech Lab  
  60  5:26  SCV, Barracks, Marine x2  
  63  5:34  Starport Reactor  
  63  5:39  SCV  
  63  5:40  SCV x2  
  66  5:43  Marine x2  
  66  5:44  Marine x3  
  71  5:50  Supply Depot  
  71  5:51  SCV  
  71  5:53  SCV  
  71  5:54  Orbital Command  
  71  5:59  Siege Tank  
  71  6:01  Marine x3  
  71  6:02  Marine x2  
  79  6:14  SCV  
  79  6:15  SCV  
  81  6:18  Supply Depot  
  81  6:20  SCV  
  81  6:22  Missile Turret  
  81  6:26  SCV, Armory, Missile Turret  
  81  6:32  SCV  
  83  6:33  Marine  
  83  6:34  Marine  
  83  6:38  Marine x2  
  88  6:41  Barracks Reactor x2  
  88  6:42  Marine  
  88  6:45  Supply Depot  
  88  6:49  SCV  
  88  6:51  Siege Tank, Marine x2  
  88  6:53  Supply Depot  
  94  6:55  Marine  
  94  6:56  Combat Shields, Marine  
  94  7:00  Marine  
  97  7:03  Medivac x2  
  97  7:04  SCV x2  
  97  7:07  SCV, Refinery  
  104  7:08  Command Center, Supply Depot  
  104  7:09  Marine x2  
  104  7:10  Supply Depot  
  104  7:13  Terran Infantry Armor Level 2  
  104  7:15  Marine x2  
  108  7:16  SCV x2  
  108  7:18  Marine x2  
  108  7:19  SCV  
  108  7:20  Refinery  
  108  7:22  Marine x2, Supply Depot  
  112  7:23  Marine  
  112  7:27  Marine x2  
  112  7:28  SCV  
  112  7:33  Marine x2  
  112  7:35  Marine x2  
  117  7:37  SCV x2  
  117  7:40  Marine x3  
  120  7:44  Supply Depot  
  120  7:45  Marine  
  120  7:48  Marine  
  120  7:49  Siege Tank  
  120  7:50  Medivac x2  
  120  7:51  Marine x2  
  129  7:53  Marine  
  129  7:57  Supply Depot  
  130  7:58  Marine x2  
  130  7:59  Supply Depot  
  130  8:01  SCV x2  
  130  8:03  Marine  
  135  8:06  Marine  
  135  8:07  SCV  
  135  8:10  Marine x2  
  135  8:12  Marine x2  
  140  8:13  SCV x2  
  140  8:16  Marine  
  140  8:18  Marine x2  
  146  8:27  Marine x2  
  146  8:28  Marine x2  
  146  8:30  Missile Turret, Marine x2  
  146  8:34  Marine  
  150  8:36  Marine x2  
  150  8:40  Siege Tank  
  155  8:45  Marine x2  
  155  8:46  Marine x2  
  155  8:48  Marine x2  
  161  8:50  Factory  
  161  8:51  Marine  
  161  8:53  Planetary Fortress  
  162  8:56  Marine x2  
  162  8:59  SCV x2  
  165  9:03  Marine x2  
  165  9:04  Marine x2  
  165  9:06  Marine x2  
  171  9:12  Siege Tank  
  174  9:18  Marine  
  174  9:19  Marine x2  
  174  9:21  Marine x2  
  179  9:24  Marine x3  
  179  9:25  Marine  
  179  9:26  SCV x3  
  179  9:29  Medivac x2  
  179  9:30  Barracks  
  188  9:32  Barracks x2, Supply Depot  
  188  9:36  Supply Depot  
  188  9:46  Marine  
  188  9:49  Command Center, Marine  
  188  9:50  Marine  
  188  9:51  Marine  
  188  9:52  Marine x2  
  188  9:53  Marine  
  188  9:54  Marine x2  
  188  10:03  Marine  
  182  10:07  Marine  
  182  10:08  Marine  
  182  10:09  Marine x2  
  182  10:10  Marine  
  182  10:11  Marine  
  182  10:12  Marine x2  
Show
View Real Time Build Order
Export as new Build Order

Enertx Zerg 

Build Orders: Hatch First 

Get SALT Encoding   

  12  0:02  Drone  
  13  0:09  Drone  
  14  0:17  Overlord  
  14  0:35  Drone x2  
  16  0:36  Drone  
  17  0:57  Hatchery  
  17  0:58  Drone  
  17  1:10  Spawning Pool  
  16  1:12  Drone  
  16  1:15  Drone  
  18  1:23  Drone  
  19  1:29  Extractor  
  19  1:30  Drone  
  19  1:32  Extractor  
  19  1:40  Drone  
  19  2:00  Drone  
  20  2:02  Queen  
  20  2:04  Overlord  
  22  2:10  Drone, Queen  
  22  2:12  Drone  
  26  2:22  Roach Warren  
  26  2:29  Drone x2  
  27  2:30  Drone  
  27  2:54  Drone  
  27  2:55  Drone  
  27  2:56  Drone x2  
  31  3:05  Roach x2  
  35  3:19  Extractor  
  33  3:30  Drone x3  
  36  3:39  Overlord  
  35  3:55  Lair  
  35  3:57  Drone  
  35  3:58  Drone x2  
  35  3:59  Drone  
  35  4:00  Drone  
  35  4:01  Hatchery  
  39  4:04  Drone  
  40  4:12  Drone  
  41  4:26  Drone  
  41  4:27  Drone x2  
  41  4:59  Drone x2  
  44  5:00  Drone  
  44  5:01  Overlord x2  
  44  5:02  Overlord x4  
  44  5:10  Spore Crawler  
  43  5:14  Drone  
  44  5:27  Overseer  
  43  5:45  Roach  
  43  5:46  Roach x2  
  43  5:47  Roach x5  
  43  5:48  Roach x4  
  66  5:58  Roach x2  
  66  5:59  Roach x4  
  78  6:04  Glial Reconstitution  
  78  6:08  Ravager x2  
  80  6:30  Roach x5  
  80  6:31  Roach  
  80  6:32  Overlord x2  
  92  6:48  Pneumatized Carapace  
  92  6:50  Drone x2  
  94  6:59  Roach x3  
  94  7:00  Roach x2  
  104  7:09  Roach x2  
  63  7:46  Roach  
  63  7:47  Roach x5  
  70  8:03  Roach x5  
  70  8:04  Roach  
  83  8:05  Ravager  
  83  8:06  Spine Crawler  
  82  8:13  Roach x2  
  82  8:14  Roach  
  88  8:20  Spine Crawler  
  80  8:51  Roach x5  
  83  9:09  Drone x2  
  87  9:10  Roach  
  87  9:13  Ravager  
  88  9:36  Ravager  
Tags
 
Add a new tag
Caveats
  • Supply blocks, unpowered buildings, or Contaminate may cause inaccurate times.
  • Supply counts are checked every 10 seconds.